Cogmind - Beta 13 @@@ ROGUE MODE // 2024.04.05 @ 23:54:52 Player: Olmer Result: Core destroyed Performance ------------- Evolutions (4) 2000 Regions Visited (12) 2400 Robots Destroyed (88) 440 Value Destroyed (3076) 3076 Prototype IDs (28) 560 Alien Tech Used (0) 0 Bonus (1599) 1599 TOTAL SCORE: 10075 Bonus ------- High Alert Combat Kills 299 Entered Garrisons 200 Entered DSFs 500 Aligned with FarCom 300 Acquired ECA 300 Cogmind --------- Core Integrity 0/850 Matter 300/300 Energy 100/100 System Corruption 0% Temperature Cool (0) Movement Core (50) Location -6/DSF Parts ------- > --- POWER (3) -------- (None) > --- PROPULSION (3) --- (None) > --- UTILITY (7) ------ (None) > --- WEAPON (2) ------- (None) > --- INVENTORY (5) ---- Shield Generator Improved Shield Generator Flak Gun Peak State ------------ > --- POWER ------------ Deuterium Engine Light Deuterium Engine Improved Deuterium Engine > --- PROPULSION ------- Improved Carbon-fiber Leg Improved Titanium Leg Improved Titanium Leg > --- UTILITY ---------- Small Storage Unit Encrypted Comm Array Improved Melee Analysis Suite Reaction Control System Hacking Suite > --- WEAPON ----------- High-powered Shotgun Longsword +1 > --- INVENTORY -------- Improved Titanium Leg Advanced Weight Redist. System Microactuators Improved Utility Shielding Hardened Light Armor Plating Shield Generator Heavy Particle Cannon Heavy Ion Cannon [Rating: 51] Favorites ----------- Power Light Deuterium Engine Engine Light Deuterium Engine Power Core Light Nuclear Core Propulsion Compact Wheel Treads Light Treads Leg Improved Titanium Leg Wheel Compact Wheel Hover Unit Gravmag System Flight Unit VTOL Module Utility Small Storage Unit Device Advanced Weight Redist. System Storage Small Storage Unit Processor Improved Signal Interpreter Hackware Hacking Suite Protection Reactive Plating Weapon Longsword +1 Energy Gun Particle Gun Energy Cannon Improved EM Pulse Cannon Ballistic Gun High-powered Shotgun Launcher Rocket Launcher Slashing Weapon Longsword +1 Build | -11 -10 -10 -10 -9 -8 -8 -8 -7 -7 -7 -6 -6 ------- Run | Yrd Mat Min Exi Min Mat Gar Mat Fac Low Low Fac DSF Slots Evolved 8 | . . . . . 4 . . 2 . . 2 . Power 2 | . . . . . 1 . . 1 . . . . Propulsion 1 | . . . . . 1 . . . . . . . Utility 5 | . . . . . 2 . . 1 . . 2 . Weapon . | . . . . . . . . . . . . . Parts Attached 89 | 6 5 1 2 2 25 15 10 9 5 9 . . Power 14 | 1 . . . . 4 2 4 1 . 2 . . Engine 10 | 1 . . . . 3 1 3 1 . 1 . . Core 4 | . . . . . 1 1 1 . . 1 . . Reactor . | . . . . . . . . . . . . . Propulsion 19 | 4 . . . 1 3 2 3 3 1 2 . . Treads 4 | 2 . . . . 1 . . . . 1 . . Leg 7 | . . . . . 2 2 . 3 . . . . Wheel 6 | 2 . . . 1 . . 3 . . . . . Hover 1 | . . . . . . . . . . 1 . . Flight 1 | . . . . . . . . . 1 . . . Utility 22 | 1 1 . 1 . 5 . 2 5 4 3 . . Device 11 | . . . . . 2 . . 2 4 3 . . Storage 3 | 1 1 . 1 . . . . . . . . . Processor 3 | . . . . . 1 . . 2 . . . . Hackware 1 | . . . . . . . 1 . . . . . Protection 4 | . . . . . 2 . 1 1 . . . . Artifact . | . . . . . . . . . . . . . Weapon 34 | . 4 1 1 1 13 11 1 . . 2 . . Energy Gun 4 | . 2 . . . 2 . . . . . . . Energy Cannon 6 | . . . . . 2 2 . . . 2 . . Ballistic Gun 6 | . 2 . . 1 2 . 1 . . . . . Ballistic Cannon . | . . . . . . . . . . . . . Launcher 9 | . . 1 . . 3 5 . . . . . . Special Weapon . | . . . . . . . . . . . . . Impact Weapon . | . . . . . . . . . . . . . Slashing Weapon 9 | . . . 1 . 4 4 . . . . . . Piercing Weapon . | . . . . . . . . . . . . . Special Melee Weapon . | . . . . . . . . . . . . . Unidentified Prototypes 1 | . 1 . . . . . . . . . . . Parts Lost 31 | . . . . . 5 6 3 . 3 8 . 6 Power 11 | . . . . . 3 3 1 . 1 3 . . Propulsion 5 | . . . . . 1 1 . . . 2 . 1 Utility 9 | . . . . . 1 . 1 . 1 2 . 4 Weapon 6 | . . . . . . 2 1 . 1 1 . 1 Highest Loss Streak 8 | . . . . . 2 3 2 . 3 8 . 6 To Critical Strikes . | . . . . . . . . . . . . . Average Slot Usage (%) 90 | . 90 98 99 100 89 88 93 99 82 52 46 31 Engine 12 | . 14 14 14 14 10 5 8 23 15 1 . . Core 2 | . . . . . 3 5 8 . . . . . Leg 9 | . . . . . 11 18 1 16 13 . . . Wheel 11 | . 28 28 28 28 10 4 25 6 . . . . Device 7 | . . . . . 8 9 7 5 18 17 13 10 Storage 13 | . 25 28 27 28 18 18 12 7 3 . . . Processor 7 | . . . . . 4 9 9 13 7 7 6 5 Hackware 3 | . . . . . . . 1 7 7 7 6 3 Protection 1 | . . . . . 3 . 3 2 . . . . Energy Gun 2 | . 12 15 14 14 3 . . . . . . . Energy Cannon 1 | . . . . . . 4 3 . . 8 13 8 Ballistic Gun 3 | . 9 . . 3 2 1 2 7 3 . . . Launcher 2 | . . 10 10 . 3 4 . . . . . . Slashing Weapon 6 | . . . 3 10 7 7 9 7 7 2 . . Naked Turns 6 | . . . . . . . . . . . . 6 Heaviest Build 45 | 8 16 18 18 17 36 26 35 45 38 15 14 14 Greatest Support 58 | 40 26 26 26 26 29 39 57 58 58 20 20 20 Greatest Overweight (x) 4 | 1 . . . . 2 . 1 1 4 4 . 4 Average Overweight (x) . | . . . . . . . . . . . . . Largest Inventory Capacity 8 | 8 8 8 8 8 8 8 8 8 8 5 5 5 Average Capacity 7 | 7 8 8 7 8 8 8 8 8 6 5 5 5 Most Carried 8 | 8 8 8 8 8 8 8 8 8 8 5 3 3 Average Carried 7 | 5 7 8 7 7 7 6 7 7 6 3 3 3 Final Capacity 8 | 8 8 8 8 8 8 8 8 8 5 5 5 5 Final Carried 8 | 8 8 8 8 8 8 7 8 8 5 3 3 3 Class Distribution -------------------- 60% | Mutant 39% | Scavenger-Mutant Dominant Class ---------------- Mutant | -10/Materials Mutant | -10/Mines Mutant | -10/Exiles Mutant | -9/Mines Scavenger-Mutant | -8/Materials Scavenger-Mutant | -8/Garrison Scavenger-Mutant | -8/Materials Mutant | -7/Factory Mutant | -7/Lower Caves Mutant | -7/Lower Caves Mutant | -6/Factory Mutant | -6/DSF Resources | -11 -10 -10 -10 -9 -8 -8 -8 -7 -7 -7 -6 -6 ----------- Run | Yrd Mat Min Exi Min Mat Gar Mat Fac Low Low Fac DSF Matter Collected 1837 | 243 176 . . 140 442 221 289 123 125 78 . . Remotely . | . . . . . . . . . . . . . Salvage Created 2933 | . . . . 138 908 347 758 123 305 354 . . Parts 169 | . . . . 6 54 29 36 9 24 11 . . Haulers Intercepted . | . . . . . . . . . . . . . Recyclers Shooed 1 | . . . . 1 . . . . . . . . Parts Field Recycled . | . . . . . . . . . . . . . Retrieved Matter . | . . . . . . . . . . . . . Parts Self-Destructed 32 | . . . . . . . . . 23 9 . . Prevented . | . . . . . . . . . . . . . Kills | -11 -10 -10 -10 -9 -8 -8 -8 -7 -7 -7 -6 -6 ------- Run | Yrd Mat Min Exi Min Mat Gar Mat Fac Low Low Fac DSF Combat Hostiles Destroyed 68 | . . . . 3 20 18 9 3 8 7 . . Melee 39 | . . . . . 10 6 9 1 8 5 . . Guns 7 | . . . . 3 2 . . 2 . . . . Cannons 4 | . . . . . 1 1 . . . 2 . . AOE 18 | . . . . . 7 11 . . . . . . Classes Destroyed 11 | . . . . 2 6 1 1 1 . . . . Worker 3 | . . . . 1 1 . 1 . . . . . Builder 3 | . . . . . 3 . . . . . . . Recycler 5 | . . . . . 3 . 2 . . . . . Operator 3 | . . . . . 1 . 2 . . . . . Watcher 6 | . . . . . 3 . 3 . . . . . Swarmer 21 | . . . . . 6 10 . . 4 1 . . Grunt 33 | . . . . 3 11 4 7 2 3 3 . . Duelist 2 | . . . . . . . 1 . . 1 . . Sentry 6 | . . . . . 3 1 1 . . 1 . . Hunter 3 | . . . . . . 3 . . . . . . Programmer 3 | . . . . . . . . 1 1 1 . . Best Kill Streak 13 | . . . . 2 13 6 3 2 4 4 . . Combat Bots Only 6 | . . . . 2 6 6 3 2 4 4 . . Max Kills in Single Turn 3 | . . . . 2 3 2 1 1 1 1 . . Gunslinging . | . . . . . . . . . . . . . Exploded 2 | . . . . . 2 2 . . . . . . Melee 1 | . . . . . 1 1 1 1 1 1 . . Uniques/NPCs Destroyed . | . . . . . . . . . . . . . Combat | -11 -10 -10 -10 -9 -8 -8 -8 -7 -7 -7 -6 -6 -------- Run | Yrd Mat Min Exi Min Mat Gar Mat Fac Low Low Fac DSF Hostile Shots Fired 382 | . . . . 23 104 71 21 12 46 93 . 12 Missed 122 | . . . . 9 28 29 2 2 14 32 . 6 Damage Taken 4487 | . 36 . . 160 990 455 350 156 487 727 . 1126 Core 1831 | . 13 . . 48 295 83 93 13 92 311 . 883 Absorbed by Shields 56 | . . . . . . 29 . . . 27 . . Core Remaining (%) 57 | 100 . . . 75 . . 14 . . 40 . . Volleys Fired 79 | . 1 . . 16 31 18 . 10 . 3 . . Largest 2 | . 2 . . 2 2 2 . 1 . 2 . . Hottest 144 | . 60 . . 85 108 144 . 25 . 140 . . Shots Fired 131 | . 2 . . 32 49 30 . 11 1 6 . . Gun 74 | . 2 . . 32 28 . . 11 1 . . . Cannon 12 | . . . . . 2 4 . . . 6 . . Launcher 45 | . . . . . 19 26 . . . . . . Special . | . . . . . . . . . . . . . Kinetic 36 | . 1 . . 16 7 . . 11 1 . . . Thermal 47 | . . . . 16 23 2 . . . 6 . . Explosive 45 | . . . . . 19 26 . . . . . . Electromagnetic 3 | . 1 . . . . 2 . . . . . . Robot Hit Streak 9 | . . . . 9 9 3 . 8 . 3 . . Robot Miss Streak 6 | . 2 . . 1 6 4 . 3 . 1 . . Penetration Max . | . . . . . . . . . . . . . Secondary Targets 1 | . . . . 1 . . . . . . . . Max Gunslinging Chain 1 | . . . . 1 . . . . . . . . Shots Hit Robots 175 | . . . . 24 54 19 32 10 15 21 . . Core Hits 113 | . . . . 7 41 26 16 7 7 9 . . Critical Kills . | . . . . . . . . . . . . . Critical Parts Destroyed 1 | . . . . . 1 . . . . . . . Critical Strikes 12 | . . . . 1 4 1 4 . . 2 . . Burn 1 | . . . . 1 . . . . . . . . Destroy 1 | . . . . . 1 . . . . . . . Sever 10 | . . . . . 3 1 4 . . 2 . . Melee Attacks 155 | . . . . . 27 23 41 26 20 18 . . Impact . | . . . . . . . . . . . . . Slashing 155 | . . . . . 27 23 41 26 20 18 . . Piercing . | . . . . . . . . . . . . . Sneak Attacks 7 | . . . . . 1 . 5 . . 1 . . Combat Hostiles 2 | . . . . . . . 1 . . 1 . . Follow-up Attacks . | . . . . . . . . . . . . . Damage Inflicted 8412 | . . . . 352 2925 1647 1605 239 734 910 . . Guns 790 | . . . . 352 301 . . 137 . . . . Cannons 204 | . . . . . 50 48 . . . 106 . . Explosions 2649 | . . . . . 1502 1147 . . . . . . Melee 4769 | . . . . . 1072 452 1605 102 734 804 . . Ramming . | . . . . . . . . . . . . . Kinetic 339 | . . . . 151 51 . . 137 . . . . Thermal 632 | . . . . 201 300 25 . . . 106 . . Explosive 2649 | . . . . . 1502 1147 . . . . . . Electromagnetic 23 | . . . . . . 23 . . . . . . Impact . | . . . . . . . . . . . . . Slashing 4769 | . . . . . 1072 452 1605 102 734 804 . . Piercing . | . . . . . . . . . . . . . Highest Corruption 3 | . . . . . . . . 2 3 3 . . Average Corruption 2 | . . . . . . . . 2 2 3 . . Corruption Purged . | . . . . . . . . . . . . . Corruption Blocked . | . . . . . . . . . . . . . Effects 37 | . . . . . . . . 16 15 6 . . Message Errors 9 | . . . . . . . . 6 2 1 . . Matter Fused 10 | . . . . . . . . 7 3 . . . Heat Flow Errors 6 | . . . . . . . . . 4 2 . . Energy Discharges 4 | . . . . . . . . 2 1 1 . . Data Loss (minor) 6 | . . . . . . . . . 4 2 . . Misfires 2 | . . . . . . . . 1 1 . . . Overload Shots . | . . . . . . . . . . . . . Overflow Damage 574 | . . . . . 181 114 151 . 51 77 . . Projectiles . | . . . . . . . . . . . . . Explosions 142 | . . . . . 69 73 . . . . . . Melee 432 | . . . . . 112 41 151 . 51 77 . . Knockbacks . | . . . . . . . . . . . . . Impact . | . . . . . . . . . . . . . Kinetic . | . . . . . . . . . . . . . Secondary . | . . . . . . . . . . . . . Self-Inflicted Damage 81 | . . . . . 31 50 . . . . . . Shots 3 | . . . . . 1 2 . . . . . . Rammed . | . . . . . . . . . . . . . Targets Rammed . | . . . . . . . . . . . . . Kicked . | . . . . . . . . . . . . . Crushed . | . . . . . . . . . . . . . Highest Temperature 339 | . 20 . . 339 51 144 10 36 255 238 . . Average Temperature 96 | . 15 . . 184 16 51 10 14 96 73 . . Received Heat Transfer 1096 | . . . . 87 360 63 126 90 54 316 . . Siege Activations . | . . . . . . . . . . . . . Robots Corrupted . | . . . . . . . . . . . . . Combat Hostiles . | . . . . . . . . . . . . . Parts Fried . | . . . . . . . . . . . . . Impact Corruptions . | . . . . . . . . . . . . . Robots Melted . | . . . . . . . . . . . . . Combat Hostiles . | . . . . . . . . . . . . . Parts Melted 1 | . . . . . . . . . . 1 . . Heat Transferred 1406 | . . . . 555 666 37 . . . 148 . . Parts Sabotaged . | . . . . . . . . . . . . . Parts Stolen . | . . . . . . . . . . . . . Parts Stripped . | . . . . . . . . . . . . . Power Chain Reactions . | . . . . . . . . . . . . . Alert | -11 -10 -10 -10 -9 -8 -8 -8 -7 -7 -7 -6 -6 ------- Run | Yrd Mat Min Exi Min Mat Gar Mat Fac Low Low Fac DSF Peak Influence 999 | . . . . 74 620 999 629 256 . . 4 15 Initial 486 | . . . . . 28 317 486 256 . . . 2 Average 322 | . . . . 10 421 661 529 100 . . . 4 Maximum Alert Level 3 | . . . . . 2 3 2 1 . . . . Low Security (%) 41 | 100 100 100 . 100 12 . . 75 . . 100 100 Level 1 13 | . . . . . 14 15 . 24 . . . . Level 2 33 | . . . . . 72 35 100 . . . . . Level 3 10 | . . . . . . 48 . . . . . . Level 4 . | . . . . . . . . . . . . . Level 5 . | . . . . . . . . . . . . . High Security . | . . . . . . . . . . . . . Max Security . | . . . . . . . . . . . . . Squads Dispatched 9 | . . . . . 3 . 2 3 . . . 1 Investigation 1 | . . . . . . . . 1 . . . . Extermination 1 | . . . . . . . . 1 . . . . Reinforcement 7 | . . . . . 3 . 2 1 . . . 1 Assault . | . . . . . . . . . . . . . Garrison . | . . . . . . . . . . . . . Intercept . | . . . . . . . . . . . . . Searches Triggered . | . . . . . . . . . . . . . Construction Impeded 1 | . . . . . 1 . . . . . . . Haulers Reinforced . | . . . . . . . . . . . . . Active Scanning Responses . | . . . . . . . . . . . . . Cargo Convoy Interrupts . | . . . . . . . . . . . . . Stealth | -11 -10 -10 -10 -9 -8 -8 -8 -7 -7 -7 -6 -6 --------- Run | Yrd Mat Min Exi Min Mat Gar Mat Fac Low Low Fac DSF Distress Signals 6 | . . . . . 5 . 1 . . . . . Communications Jammed . | . . . . . . . . . . . . . Distress Signals . | . . . . . . . . . . . . . Times Spotted 94 | . 1 . . 3 33 19 14 7 8 6 . 3 Peak Tracking Total 6 | . 1 . . 3 6 4 3 2 4 4 . 3 Tactical Retreats 4 | . . . . . 4 . . . . . . . Traps | -11 -10 -10 -10 -9 -8 -8 -8 -7 -7 -7 -6 -6 ------- Run | Yrd Mat Min Exi Min Mat Gar Mat Fac Low Low Fac DSF Traps Triggered 4 | . . . . . . 3 . 1 . . . . Indirectly . | . . . . . . . . . . . . . Trap Hack Attempts . | . . . . . . . . . . . . . Triggered . | . . . . . . . . . . . . . Disarmed . | . . . . . . . . . . . . . Reprogrammed . | . . . . . . . . . . . . . Reused . | . . . . . . . . . . . . . Traps Extracted . | . . . . . . . . . . . . . Installed . | . . . . . . . . . . . . . Triggered . | . . . . . . . . . . . . . Machines | -11 -10 -10 -10 -9 -8 -8 -8 -7 -7 -7 -6 -6 ---------- Run | Yrd Mat Min Exi Min Mat Gar Mat Fac Low Low Fac DSF Machines Disabled 8 | . . . . 1 2 5 . . . . . . Max in Single Turn 2 | . . . . . 2 2 . . . . . . Garrison Access 1 | . . . . . . . . 1 . . . . Garrison Relay 1 | . . . . . . 1 . . . . . . Machines Repaired . | . . . . . . . . . . . . . Machines Dismantled . | . . . . . . . . . . . . . Machines Sabotaged . | . . . . . . . . . . . . . Overloaded Fab Kills . | . . . . . . . . . . . . . Hacking | -11 -10 -10 -10 -9 -8 -8 -8 -7 -7 -7 -6 -6 --------- Run | Yrd Mat Min Exi Min Mat Gar Mat Fac Low Low Fac DSF Machines Accessed 25 | . 1 . 1 . 4 2 4 11 1 . 1 . Terminals 13 | . 1 . . . 1 2 3 5 . . 1 . Fabricators 2 | . . . . . . . . 2 . . . . Repair Stations 2 | . . . . . 1 . . 1 . . . . Recycling Units 3 | . . . . . 1 . 1 1 . . . . Scanalyzers 1 | . . . . . . . . 1 . . . . Garrison Access 2 | . . . . . 1 . . 1 . . . . Total Hacks 52 | . 2 . 1 . 14 4 10 19 1 . 1 . Successful 24 | . 1 . 1 . 6 1 4 9 1 . 1 . Failed 28 | . 1 . . . 8 3 6 10 . . . . Catastrophic 2 | . . . . . . . . 2 . . . . Database Lockouts . | . . . . . . . . . . . . . Manual 1 | . . . 1 . . . . . . . . . Terminals 24 | . 2 . . . 2 4 7 8 . . 1 . Fabricators 3 | . . . . . . . . 3 . . . . Repair Stations 8 | . . . . . 5 . . 3 . . . . Recycling Units 9 | . . . . . 4 . 3 2 . . . . Scanalyzers 2 | . . . . . . . . 2 . . . . Garrison Access 4 | . . . . . 3 . . 1 . . . . Terminal Hacks 14 | . 1 . 1 . 1 1 3 5 1 . 1 . Prototype ID Bank 2 | . 1 . . . . . 1 . . . . . Open Door 1 | . . . . . . . . . 1 . . . Open DSF 2 | . . . . . . . . 1 . . 1 . Branch Access Points 1 | . . . . . . . . 1 . . . . Emergency Access Points 1 | . . . . . . 1 . . . . . . Alert Level 2 | . . . . . . . 2 . . . . . Unreport Threat 1 | . . . . . 1 . . . . . . . Locate Traps 1 | . . . . . . . . 1 . . . . Maintenance Status 1 | . . . . . . . . 1 . . . . Hauler Manifests 1 | . . . . . . . . 1 . . . . Derelict Proto ID Bank 1 | . . . 1 . . . . . . . . . Fabricator Hacks 1 | . . . . . . . . 1 . . . . Network Status 1 | . . . . . . . . 1 . . . . Repair Station Hacks 2 | . . . . . 1 . . 1 . . . . Scan Component 2 | . . . . . 1 . . 1 . . . . Recycling Unit Hacks 3 | . . . . . 2 . 1 . . . . . Report Inventory 2 | . . . . . 1 . 1 . . . . . Retrieve Matter 1 | . . . . . 1 . . . . . . . Scanalyzer 1 | . . . . . . . . 1 . . . . Insert Component 1 | . . . . . . . . 1 . . . . Garrison Access Hacks 3 | . . . . . 2 . . 1 . . . . Unlock Access 1 | . . . . . 1 . . . . . . . Seal Access 1 | . . . . . . . . 1 . . . . Coupler Status 1 | . . . . . 1 . . . . . . . Unauthorized Hacks . | . . . . . . . . . . . . . Terminals . | . . . . . . . . . . . . . Fabricators . | . . . . . . . . . . . . . Repair Stations . | . . . . . . . . . . . . . Recycling Units . | . . . . . . . . . . . . . Scanalyzers . | . . . . . . . . . . . . . Garrison Access . | . . . . . . . . . . . . . Data Cores Recovered . | . . . . . . . . . . . . . Used . | . . . . . . . . . . . . . Hacking Detections 20 | . 1 . . . 4 2 4 8 . . 1 . Full Trace Events 1 | . . . . . . . . 1 . . . . Feedback Events . | . . . . . . . . . . . . . Feedback Blocked . | . . . . . . . . . . . . . Robot Schematics Acquired . | . . . . . . . . . . . . . Robots Built . | . . . . . . . . . . . . . Authchips . | . . . . . . . . . . . . . Time . | . . . . . . . . . . . . . Total Robot Build Rating . | . . . . . . . . . . . . . Part Schematics Acquired . | . . . . . . . . . . . . . Parts Built . | . . . . . . . . . . . . . Authchips . | . . . . . . . . . . . . . Time . | . . . . . . . . . . . . . Total Part Build Rating . | . . . . . . . . . . . . . Parts Repaired . | . . . . . . . . . . . . . Time . | . . . . . . . . . . . . . Parts Recycled . | . . . . . . . . . . . . . Recycled Matter . | . . . . . . . . . . . . . Retrieved Matter . | . . . . . . . . . . . . . Retrieved Components . | . . . . . . . . . . . . . Parts Scanalyzed . | . . . . . . . . . . . . . Part Schematics Acquired . | . . . . . . . . . . . . . Parts Damaged . | . . . . . . . . . . . . . Bothacking | -11 -10 -10 -10 -9 -8 -8 -8 -7 -7 -7 -6 -6 ------------ Run | Yrd Mat Min Exi Min Mat Gar Mat Fac Low Low Fac DSF Used RIF Installer . | . . . . . . . . . . . . . Robots Hacked . | . . . . . . . . . . . . . Non-combat . | . . . . . . . . . . . . . Combat . | . . . . . . . . . . . . . Robot Hacks Applied . | . . . . . . . . . . . . . Relay Couplers Released 3 | . . . . . . 3 . . . . . . Machine Destruction 3 | . . . . . . 3 . . . . . . Fabnet Peak Effective % . | . . . . . . . . . . . . . Robots Rewired . | . . . . . . . . . . . . . Allies Hacked . | . . . . . . . . . . . . . Hacks Repelled . | . . . . . . . . . . . . . Allies | -11 -10 -10 -10 -9 -8 -8 -8 -7 -7 -7 -6 -6 -------- Run | Yrd Mat Min Exi Min Mat Gar Mat Fac Low Low Fac DSF Total Allies 2 | . . . . 2 . . . . . . . . Largest Group 2 | . . . . 2 1 . . . . . . . Highest-Rated Group 57 | . . . . 57 26 . . . . . . . Highest-Rated Ally 31 | . . . . 31 26 . . . . . . . Total Orders . | . . . . . . . . . . . . . Ally Attacks 2 | . . . . 2 . . . . . . . . Total Damage . | . . . . . . . . . . . . . Kills . | . . . . . . . . . . . . . Allies Corrupted . | . . . . . . . . . . . . . Allies Melted . | . . . . . . . . . . . . . Intel | -11 -10 -10 -10 -9 -8 -8 -8 -7 -7 -7 -6 -6 ------- Run | Yrd Mat Min Exi Min Mat Gar Mat Fac Low Low Fac DSF Robot Analysis Total . | . . . . . . . . . . . . . Derelict Logs Recovered 3 | . . . . 1 . . . . 2 . . . Drone Launches . | . . . . . . . . . . . . . Drone Recoveries . | . . . . . . . . . . . . . Exploration | -11 -10 -10 -10 -9 -8 -8 -8 -7 -7 -7 -6 -6 ------------- Run | Yrd Mat Min Exi Min Mat Gar Mat Fac Low Low Fac DSF Turns Passed 7281 | 64 169 94 558 510 878 1215 758 1627 886 426 40 56 Spaces Moved 6039 | 43 164 93 611 479 423 780 396 1144 1410 421 26 49 Core 107 | 12 . . . . . . . . . 65 . 30 Treads 144 | 13 . . . . . . . . . 86 26 19 Legs 1781 | . . . . . 1 610 20 803 347 . . . Wheels 2674 | 18 164 93 611 479 422 170 376 341 . . . . Hover 9 | . . . . . . . . . . 9 . . Flight 1324 | . . . . . . . . . 1063 261 . . Fastest Speed 35 | 50 90 90 90 90 90 100 100 100 35 35 160 50 Average Speed 93 | 103 90 90 90 90 109 115 101 118 57 83 160 108 Slowest Speed 375 | 160 90 90 90 90 130 120 120 195 375 250 160 250 Overloaded Moves . | . . . . . . . . . . . . . Propulsion Burnouts . | . . . . . . . . . . . . . Robots Hopped . | . . . . . . . . . . . . . Cave-ins Triggered . | . . . . . . . . . . . . . Exploration Rate (%) 50 | 3 33 45 93 87 42 69 34 26 98 40 1 79 Regions Visited 12 Branch Regions 5 Pre-discovered Areas 2 | . . . . 1 . . . . 1 . . . Known Exits Taken 6 | . . . . 1 1 . 1 1 1 . 1 . Unknown Exits Taken 5 | 1 1 1 1 . . . . . . 1 . . Scrap Searched 6 | . . . . 2 . . . . 3 1 . . Spaces Dug 34 | . . . . . . 1 8 22 3 . . . Terrain Destroyed 257 | . . . . . 129 94 8 22 3 1 . . Melee 34 | . . . . . . 1 8 22 3 . . . Projectile 1 | . . . . . . . . . . 1 . . AOE 222 | . . . . . 129 93 . . . . . . Terrain Rammed . | . . . . . . . . . . . . . Walls Destroyed . | . . . . . . . . . . . . . Machines Disabled . | . . . . . . . . . . . . . Actions | -11 -10 -10 -10 -9 -8 -8 -8 -7 -7 -7 -6 -6 --------- Run | Yrd Mat Min Exi Min Mat Gar Mat Fac Low Low Fac DSF Total 7397 | 61 182 103 619 526 757 1036 715 1384 1465 473 25 51 Wait 926 | 1 10 9 . 25 235 177 248 179 23 19 . . Move 6026 | 42 163 92 610 478 422 778 395 1143 1409 420 25 49 Hop . | . . . . . . . . . . . . . Pick Up 56 | 12 2 . 3 2 9 4 11 8 2 3 . . Fast Attach 21 | . 2 1 1 . 5 2 5 2 1 2 . . Attach 35 | 4 2 . . . 8 4 5 6 . 6 . . Detach 6 | . . . . . 3 . . 1 1 1 . . Swap 33 | 2 1 . 1 2 12 9 . 1 4 1 . . Drop 40 | . 1 1 4 3 5 3 10 8 5 . . . Fire 79 | . 1 . . 16 31 18 . 10 . 3 . . Melee 155 | . . . . . 27 23 41 26 20 18 . . Ram . | . . . . . . . . . . . . . Kick . | . . . . . . . . . . . . . Crush . | . . . . . . . . . . . . . Escape Stasis 18 | . . . . . . 18 . . . . . . Rewire 2 | . . . . . . . . . . . . 2 Trap . | . . . . . . . . . . . . . Miscellaneous . | . . . . . . . . . . . . . Route ------- -11/Scrapyard -10/Materials (discovered 2 exits: [*Mat] / [*Min]) -10/Mines (discovered 3 exits: [*Mat x2] / *Exi) -10/Exiles (discovered 2 exits: [*Min x2]) -9/Mines (discovered 2 exits: *Mat x2) -8/Materials (discovered 2 exits: *Fac / Gar) -8/Garrison (discovered 2 exits: *Mat x2) -8/Materials -7/Factory (discovered 2 exits: *Low x2) -7/Lower Caves -7/Lower Caves -6/Factory (discovered 2 exits: Fac / DSF) -6/DSF (discovered 1 exit: *Fac) History --------- Turn | Location | Event 6 | -11/Scrapyard | Discovered new exit (range 16) 65 | -11/Scrapyard | Entered Materials 168 | -10/Materials | Met 8R-AWN 189 | -10/Materials | Discovered new exit (range 15) 215 | -10/Materials | Found Prototype Ballistic Gun 215 | -10/Materials | Identified 8R-AWN's Boregun 226 | -10/Materials | Discovered new exit (range 8) 234 | -10/Materials | Entered Mines 235 | -10/Mines | Followed 8R-AWN into the Mines 246 | -10/Mines | Received a Rocket Launcher from a helpful Derelict 298 | -10/Mines | Discovered new exit (range 5) 310 | -10/Mines | Build established: Mutant 310 | -10/Mines | Discovered new exit (range 8) 324 | -10/Mines | Discovered new exit (range 5) 328 | -10/Mines | Entered Exiles 346 | -10/Exiles | Discovered new exit (range 14) 373 | -10/Exiles | Welcomed by 8R-AWN 387 | -10/Exiles | Met EX-HEX 430 | -10/Exiles | Met EX-DEC 450 | -10/Exiles | Visited The Gauntlet 647 | -10/Exiles | Met EX-BIN 665 | -10/Exiles | Aligned with FarCom system 666 | -10/Exiles | Given EX-Vault access code 712 | -10/Exiles | Opened EX-Vault 731 | -10/Exiles | Found Longsword +1 751 | -10/Exiles | Warned to stay clear of 0b10 Research branches 832 | -10/Exiles | Discovered new exit (range 10) 886 | -10/Exiles | Left Exiles lab with Longsword +1 886 | -10/Exiles | Entered Mines 897 | -9/Mines | Learned location of Storage (-9) 962 | -9/Mines | Discovered new exit (range 10) 1019 | -9/Mines | Identified exit to Materials 1396 | -9/Mines | Entered Materials 1396 | -8/Materials | Accompanied by 1 ally 1396 | -8/Materials | Evolved 4 slots: Power x1, Propulsion x1, Utility x2 1834 | -8/Materials | Discovered new exit (range 3) 1876 | -8/Materials | Identified exit to Factory 2015 | -8/Materials | Core integrity fell below 50% 2271 | -8/Materials | Identified exit to Garrison 2274 | -8/Materials | Entered Garrison 2333 | -8/Garrison | Build established: Scavenger-Mutant 2388 | -8/Garrison | Triggered checkpoint 2654 | -8/Garrison | Triggered checkpoint 2687 | -8/Garrison | Garrison Relay disabled 2781 | -8/Garrison | Triggered checkpoint 2894 | -8/Garrison | Triggered checkpoint 2908 | -8/Garrison | Triggered checkpoint 2945 | -8/Garrison | Lost 3 parts (1p1n1w) 3164 | -8/Garrison | Triggered checkpoint 3302 | -8/Garrison | Discovered new exit (range 14) 3409 | -8/Garrison | Identified exit to Materials 3410 | -8/Garrison | Attempted to access garrison exit controls, blocked by remote lockdown 3458 | -8/Garrison | Triggered checkpoint 3485 | -8/Garrison | Discovered exit to Materials (range 3) 3489 | -8/Garrison | Entered Materials 4202 | -8/Materials | Core integrity fell below 20% 4220 | -8/Materials | Discovered exit to Factory (range 16) 4247 | -8/Materials | Entered Factory 4247 | -7/Factory | Evolved 2 slots: Power x1, Utility x1 4987 | -7/Factory | Build established: Mutant 5690 | -7/Factory | Identified exit to Lower Caves 5874 | -7/Factory | Entered Lower Caves 5890 | -7/Lower Caves | Met a Warlord Commander 5891 | -7/Lower Caves | Learned location of Warlord (-5) 5892 | -7/Lower Caves | Warlord Commander delivered Encrypted Comm Array 5905 | -7/Lower Caves | Found Encrypted Comm Array 6018 | -7/Lower Caves | Identified exit to Lower Caves 6395 | -7/Lower Caves | Lost 3 parts (1p1u1w) 6475 | -7/Lower Caves | Learned location of 1 exit from Factory 6760 | -7/Lower Caves | Entered another Lower Caves area 6763 | -7/Lower Caves | Discovered new exit (range 3) 6792 | -7/Lower Caves | Encountered a Warlord checkpoint 6862 | -7/Lower Caves | Attracted the attention of an 0b10 checkpoint 6932 | -7/Lower Caves | Core integrity fell below 50% 6964 | -7/Lower Caves | Lost 8 parts (3p2n2u1w) 7186 | -7/Lower Caves | Entered Factory 7186 | -6/Factory | Evolved 2 slots: Utility x2 7187 | -6/Factory | Identified exit to Factory 7225 | -6/Factory | Identified exit to DSF 7226 | -6/Factory | Entered DSF 7226 | -6/DSF | Met a pair of Sappers preparing to destroy DSF 7246 | -6/DSF | Additional patrols routed to DSF 7274 | -6/DSF | Core integrity fell below 50% 7277 | -6/DSF | Core integrity fell below 20% 7281 | -6/DSF | Discovered exit to Factory (range 15) 7282 | -6/DSF | Core destroyed Last Messages --------------- C-17 Slicer destroyed. Hvy. Particle Cannon destroyed. Hvy. Ion Cannon severed. C-17 Slicer destroyed. Slug penetrates Wall. Penetrated by Slug. Knocked back. A-15 Conveyor destroyed. Attempting to rewire A-15 Conveyor. A-15 Conveyor is unpowered. Attempting to rewire A-15 Conveyor. A-15 Conveyor is unpowered. Adv. Weight Redist. System destroyed. Encrypted Comm Array destroyed. H-61 Shepherd destroyed. A-15 Conveyor destroyed. Imp. Melee Analysis Suite destroyed. A-15 Conveyor destroyed. EXIT=FOUND: FACTORY [Achievement: 10k Club] Map ----- +----------------------------------------------------+ | | | | | ???????????????????????????????????? | | ???????????????????????????????????? | | ???????????????????????????????????? | | ???????????????????????????????????? | | ???????????????????????????????????? | | ???????????????????????????????????? | | ???????????????????????????????????? | | ???????????????????????????????????? | | ???????????????????????"""?????????? | | ???????????????????????